 Dungeon Crawl Stone Soup version 0.19.5 (webtiles) character file.

936 McKennaii the Gusty (level 7, -1/41 HPs)
             Began as a High Elf Air Elementalist on May 5, 2017.
             Was an Initiate of Sif Muna.
             Slain by a sky beast (5 damage)
             ... on level 5 of the Dungeon.
             The game lasted 00:13:25 (4617 turns).

McKennaii the Gusty (High Elf Air Elementalist)     Turns: 4617, Time: 00:13:26

Health: -1/41      AC:  4    Str:  7    XL:     7   Next: 87%
Magic:  17/17      EV: 13    Int: 21    God:    Sif Muna [......]
Gold:   280        SH:  0    Dex: 16    Spells: 3 memorised, 13 levels left

rFire  . . .     SeeInvis .     w - +0 falchion
rCold  . . .     Gourm    .     a - +0 robe
rNeg   . . .     Faith    .     (no shield)
rPois  .         Spirit   .     u - +0 helmet
rElec  .         Reflect  .     (no cloak)
rCorr  .         Harm     .     t - +0 pair of gloves
MR     .....                    (no boots)
Stlth  ++........               (no amulet)
                                (no ring)
                                (no ring)

@: repel missiles
A: no striking features
a: Renounce Religion


You were on level 5 of the Dungeon.
You worshipped Sif Muna.
Sif Muna was noncommittal.
You were not hungry.

You visited 2 branches of the dungeon, and saw 7 of its levels.

You collected 280 gold pieces.

Inventory:

Hand Weapons
 w - a +0 falchion (weapon)
Armour
 a - a +0 robe (worn)
 t - a +0 pair of gloves (worn)
 u - a +0 helmet (worn)
Jewellery
 j - an uncursed amulet of the gourmand {unknown}
Wands
 A - a wand of flame (42/48)
Scrolls
 g - a scroll of noise {unknown}
 k - a scroll of magic mapping {unknown}
 l - 3 scrolls of teleportation {unknown}
 m - 3 scrolls of identify {unknown}
 p - 5 scrolls of remove curse {unknown}
 r - a scroll of recharging {unknown}
 y - a scroll of fear {unknown}
 D - a scroll of enchant armour {unknown}
 F - a scroll of blinking {unknown}
 H - a scroll of amnesia {unknown}
Potions
 d - 4 potions of curing {unknown}
 e - a potion of brilliance {unknown}
 h - 2 potions of heal wounds {unknown}
 i - 3 potions of flight {unknown}
 o - a potion of might {unknown}
 q - a potion of cancellation {unknown}
 v - a potion of degeneration {unknown}
 x - a potion of beneficial mutation {unknown}
 z - 2 potions of mutation {unknown}
 B - a potion of lignification {unknown}
 C - a potion of invisibility {unknown}
Books
 b - a book of Air

   Spells                             Type                      Level
   a - Shock                          Conjuration/Air              1
   b - Swiftness                      Charms/Air                   2
   c - Repel Missiles                 Charms/Air                   2
   d - Static Discharge               Conjuration/Air              3
   e - Lightning Bolt                 Conjuration/Air              5
 n - a book of Misfortune

   Spells                             Type                      Level
   a - Confusing Touch                Hexes                        1
   b - Confuse                        Hexes                        3
   c - Gell's Gravitas                Hexes/Translocation          3
   d - Petrify                        Transmutation/Earth          4
   e - Metabolic Englaciation         Hexes/Ice                    5
   f - Yara's Violent Unravelling     Hexes/Transmutation          5
 E - a book of Minor Magic

   Spells                             Type                      Level
   a - Magic Dart                     Conjuration                  1
   b - Blink                          Translocation                2
   c - Call Imp                       Summoning                    2
   d - Repel Missiles                 Charms/Air                   2
   e - Slow                           Hexes                        2
   f - Conjure Flame                  Conjuration/Fire             3
   g - Mephitic Cloud                 Conjuration/Poison/Air       3
Comestibles
 c - 3 bread rations
 f - 4 meat rations
 s - 2 beef jerkies
 G - 2 chunks of flesh


   Skills:
 + Level 0.2 Fighting
 + Level 0.8 Long Blades
 + Level 3.0 Dodging
 + Level 3.1 Stealth
 + Level 6.3 Spellcasting
 + Level 4.6 Conjurations
 + Level 0.5 Charms
 + Level 6.8 Air Magic


You had 13 spell levels left.
You knew the following spells:

 Your Spells              Type           Power        Failure   Level  Hunger
a - Shock                 Conj/Air       ####         1%          1    None
b - Swiftness             Chrm/Air       ###.....     3%          2    None
c - Repel Missiles        Chrm/Air       ###...       3%          2    None


Dungeon Overview and Level Annotations

Branches:
Dungeon (6/15)             Temple (1/1) D:5

Altars:
Ashenzari
Cheibriados
Dithmenos
Elyvilon
Fedhas
Gozag
Hepliaklqana
Kikubaaqudgha
Makhleb
Nemelex Xobeh
Okawaru
Qazlal
Ru
Sif Muna
Trog
Uskayaw
Vehumet
Xom
Yredelemnul
Zin
The Shining One


Message History

You climb upwards.
There is a stone staircase leading down here.
You start resting.
Magic restored.
You climb downwards.
The sky beast misses you.
The sky beast flickers out of sight!
Something completely misses you.
There is a stone staircase leading up here.
You hit something. Something hits you. Something shocks you.
You hit something but do no damage. Something hits you but does no damage.
Something hits you. Something shocks you.
You climb upwards.
There is a stone staircase leading down here.
Something hits you.
* * * LOW HITPOINT WARNING * * *
Something shocks you.
* * * LOW HITPOINT WARNING * * *
Something hits you.
* * * LOW HITPOINT WARNING * * *
Something shocks you.
You die...

####.#.#.......#.#..#<#.#.#)#.#
.....#.#.......#.#..#.#..<..#.#
..............b..#........###.#
.###.............###........#.#
..##.#.#.#................#.#.#
.....#.#...#..>.###.......#.#.#
..##.#.#####....#.#.......#.#.###
..####.#........#...#######.#....
................@.>## #.#####
##############.....# #.....#
..P.####.## #.....# #####.#
...#.#..#.## #.....# ####.#
#P.#..#.#P.###.#..## #....#
#...)P#P..#.##.#..##########.##.#
P≈P.......#P##.#.................
≈≈≈≈P.≈≈≈P...#.#...#########.....
≈≈≈≈≈≈≈≈≈≈P..#.#.....# #####.


There were no monsters in sight!

Vanquished Creatures
  2 phantoms (D:4)
  An ice beast (D:5)
  A centaur (D:4)
  An ogre (D:5)
  2 crimson imps
  2 hounds
  2 orc priests
  An orc wizard (D:4)
  2 worker ants (D:4)
  Natasha (D:3)
  A hound skeleton (D:4)
  Robin (D:3)
  3 gnolls (D:2)
  7 adders
  An ooze (D:1)
  An adder zombie (D:5)
  A worm (D:2)
  An adder skeleton (D:4)
  3 dart slugs
  3 leopard geckos
  12 orcs
  3 giant cockroaches
  14 goblins (D:3)
  3 hobgoblins
  3 jackals (D:4)
  4 kobolds
  2 quokkas
  A ball python (D:4)
  7 bats
  3 frilled lizards (D:2)
  3 rats
92 creatures vanquished.

Notes
Turn   | Place    | Note
-------+----------+-------------------------------------------
     0 | D:1      | McKennaii the High Elf Air Elementalist began the quest for the Orb.
     0 | D:1      | Reached XP level 1. HP: 11/11 MP: 4/4
    58 | D:1      | Reached XP level 2. HP: 17/17 MP: 2/6
   697 | D:2      | Reached XP level 3. HP: 21/21 MP: 1/8
   832 | D:2      | Reached XP level 4. HP: 22/27 MP: 1/9
  1337 | D:2      | Reached skill level 5 in Air Magic
  1686 | D:3      | Noticed Robin
  1715 | D:3      | Killed Robin
  2048 | D:3      | Reached XP level 5. HP: 22/31 MP: 7/11
  2238 | D:3      | Found a stormy altar of Qazlal.
  2656 | D:3      | Noticed Natasha
  2662 | D:3      | Killed Natasha
  2789 | D:4      | Reached XP level 6. HP: 27/36 MP: 4/13
  2983 | D:4      | Learned a level 2 spell: Swiftness
  2986 | D:4      | Learned a level 2 spell: Repel Missiles
  3071 | D:4      | Reached skill level 5 in Spellcasting
  3182 | D:4      | Reached XP level 7. HP: 41/41 MP: 4/15
  3707 | D:5      | Entered Level 5 of the Dungeon
  3723 | D:5      | Found a staircase to the Ecumenical Temple.
  3785 | Temple   | Entered the Ecumenical Temple
  3833 | Temple   | Became a worshipper of Sif Muna the Loreminder
  4617 | D:5      | Slain by a sky beast

Skill      XL: |  1  2  3  4  5  6  7 |
---------------+----------------------+-----
Air Magic      | 4 5 6 |  6.8
Spellcasting   | 3 4 5 6 |  6.3
Conjurations   | 2 3 4 |  4.6
Stealth        | 3 |  3.1
Dodging        | 3 |  3.0
Fighting       | |  0.2
Long Blades    | |  0.8
Charms         | |  0.5

Action                   |  1- 3 |  4- 6 |  7- 9 || total
-------------------------+-------+-------+-------++-------
Melee: Falchion          |       |     8 |     2 ||    10
 Cast: Shock             |    39 |   137 |    69 ||   245
       Repel Missiles    |       |     1 |       ||     1
  Eat: Chunk             |       |     7 |     4 ||    11
Armor: Robe              |     3 |     8 |     3 ||    14
Dodge: Dodged            |     7 |    33 |    16 ||    56
       Rpst.: Falchion   |       |     2 |     4 ||     6
